[Event "NOR-ch Various 2019"]
[Site "Larvik"]
[Date "2019.07.07"]
[Round "2.5"]
[White "Sorensen, Simen"]
[Black "Kittilsen, Sigurd"]
[Result "0-1"]
[ECO "E11"]
[WhiteElo "1979"]
[BlackElo "1894"]
[Annotator "NA"]
[PlyCount "85"]
[EventDate "2019.07.06"]
[EventType "swiss"]
[EventCountry "NOR"]
[SourceTitle "playchess.com"]
[Source "ChessBase"]
[SourceQuality "1"]
[TimeControl "40/5400+30:1800+30"]

1. d4 Nf6 2. c4 e6 3. Nf3 Bb4+ 4. Bd2 Qe7 5. g3 O-O 6. Bg2 Bxd2+ 7. Nbxd2 d6 8. O-O Nc6 9. e4 e5 10. d5 Nb8 11. h3 a5 12. Qc2 Na6 13. a3 Bd7 14. b3 g6 15. Ne1 Nh5 16. Nd3 f5 17. b4 fxe4 18. Nxe4 Nf6 19. Nxf6+ Qxf6 20. Qb3 Bf5 21. Nb2 b6 22. Nd1 axb4 23. Ne3 bxa3 24. Nxf5 Qxf5 25. Rxa3 Nc5 26. Qa2 Rxa3 27. Qxa3 Qc2 28. h4 Qxc4 29. Qe3 e4 30. Qg5 Qd4 31. Qe7 Rf7 32. Qe8+ Kg7 33. h5 Qxd5 34. h6+ Kxh6 35. Bh3 Kg7 36. Ra1 Rf8 37. Qe7+ Qf7 38. Qh4 Qxf2+ 39. Kh1 Qf6 40. Ra7 Qxh4 41. Rxc7+ Rf7 42. Rxf7+ Kxf7 43. gxh4 0-1

[Event "NOR-ch Various 2019"]
[Site "Larvik"]
[Date "2019.07.07"]
[Round "2.6"]
[White "Lurdalen, Svein Erik"]
[Black "Engeset, Audun"]
[Result "1/2-1/2"]
[ECO "B25"]
[WhiteElo "1879"]
[BlackElo "1944"]
[Annotator "NA"]
[PlyCount "43"]
[EventDate "2019.07.06"]
[EventType "swiss"]
[EventCountry "NOR"]
[SourceTitle "playchess.com"]
[Source "ChessBase"]
[SourceQuality "1"]
[TimeControl "40/5400+30:1800+30"]

1. e4 c5 2. Nc3 Nc6 3. g3 g6 4. Bg2 Bg7 5. d3 d6 6. f4 e5 7. Nf3 Nge7 8. O-O O-O 9. Be3 Nd4 10. fxe5 dxe5 11. Qd2 Rb8 12. Bg5 Be6 13. Rf2 Qd7 14. Bxe7 Qxe7 15. Nd5 Bxd5 16. exd5 h6 17. c4 Nxf3+ 18. Rxf3 e4 19. dxe4 Qxe4 20. Rf4 Qe5 21. Rb1 b5 22. b3 1/2-1/2

[Event "NOR-ch Various 2019"]
[Site "Larvik"]
[Date "2019.07.07"]
[Round "2.7"]
[White "Pettersen, Joran Sten"]
[Black "Grindbakken, Erik"]
[Result "1-0"]
[ECO "D35"]
[WhiteElo "1785"]
[BlackElo "1648"]
[Annotator "NA"]
[PlyCount "162"]
[EventDate "2019.07.06"]
[EventType "swiss"]
[EventCountry "NOR"]
[SourceTitle "playchess.com"]
[Source "ChessBase"]
[SourceQuality "1"]
[TimeControl "40/5400+30:1800+30"]

1. d4 e6 2. Nf3 d5 3. c4 c6 4. cxd5 exd5 5. Nc3 Nf6 6. Bg5 Nbd7 7. e3 Qb6 8. Qc2 Bb4 9. Bd3 O-O 10. O-O Re8 11. Nd2 h6 12. Bh4 g5 13. Bg3 Nh5 14. Rae1 Qd8 15. a3 Bf8 16. Bh7+ Kh8 17. Bf5 Ndf6 18. Be5 Ng7 19. Bd3 Ng4 20. Nf3 Nxe5 21. Nxe5 Be6 22. f4 Bd6 23. f5 Bxe5 24. dxe5 Bxf5 25. Bxf5 Rxe5 26. Bd3 Qe7 27. Qf2 Kg8 28. Qf6 Re6 29. Qxe7 Rxe7 30. Rf6 Re6 31. Rxe6 Nxe6 32. Rc1 Re8 33. Bf5 Kg7 34. Bxe6 Rxe6 35. Kf2 f5 36. Ne2 Re4 37. Ng3 Re5 38. b4 Kf6 39. Kf3 a6 40. Ne2 g4+ 41. Kf2 Re6 42. Rd1 Ke5 43. Rd4 Kf6 44. Rf4 Kg5 45. Nd4 Rf6 46. a4 h5 47. g3 Kg6 48. Ke2 Kg5 49. Kd3 Kg6 50. Rf2 Kg5 51. a5 Rf7 52. Nb3 h4 53. gxh4+ Kxh4 54. Kd4 Re7 55. Nc5 Kh3 56. Kd3 Rf7 57. Ne6 Rf6 58. Nf4+ Kh4 59. Rg2 Rf7 60. Kd4 Kg5 61. Kc5 Re7 62. Rg3 Re4 63. Nd3 Rc4+ 64. Kb6 Rc3 65. Ne5 Kf6 66. Nxg4+ fxg4 67. Rxg4 Rc4 68. h3 Kf5 69. Kxb7 Rc3 70. Kxa6 Rxe3 71. Kb7 Rxh3 72. Rg8 Rb3 73. Kxc6 Rxb4 74. a6 d4 75. a7 Ra4 76. a8=Q Rxa8 77. Rxa8 Ke4 78. Kc5 d3 79. Kc4 Ke3 80. Kc3 d2 81. Rd8 d1=N+ 1-0

[Event "NOR-ch Various 2019"]
[Site "Larvik"]
[Date "2019.07.07"]
[Round "2.8"]
[White "Jacobsen, Trond"]
[Black "Dale, Svein"]
[Result "1-0"]
[ECO "A33"]
[WhiteElo "1651"]
[BlackElo "1755"]
[Annotator "NA"]
[PlyCount "79"]
[EventDate "2019.07.06"]
[EventType "swiss"]
[EventCountry "NOR"]
[SourceTitle "playchess.com"]
[Source "ChessBase"]
[SourceQuality "1"]
[TimeControl "40/5400+30:1800+30"]

1. d4 Nf6 2. c4 c5 3. Nf3 e6 4. Nc3 cxd4 5. Nxd4 a6 6. a3 Nc6 7. Nf3 Be7 8. Bg5 b5 9. cxb5 axb5 10. e3 b4 11. axb4 Rxa1 12. Qxa1 Nxb4 13. Qa4 O-O 14. Bxf6 gxf6 15. Be2 Bb7 16. O-O Bc6 17. Qa7 Qb8 18. Qxb8 Rxb8 19. Nd2 d5 20. Rc1 e5 21. b3 f5 22. Nf3 f6 23. h3 Kf7 24. Kf1 Ra8 25. h4 Ra3 26. Nd2 Bd7 27. g3 Be6 28. Nb5 Ra2 29. Ke1 Bd7 30. Kd1 Ra5 31. Nc3 Na2 32. Nxa2 Rxa2 33. Rc2 Ra7 34. Bd3 Ke6 35. Rb2 Bb4 36. Be2 Bc6 37. Bd3 e4 38. Bc2 Bb5 39. Rb1 Ra2 40. Kc1 1-0

[Event "NOR-ch Various 2019"]
[Site "Larvik"]
[Date "2019.07.07"]
[Round "2.9"]
[White "Gillebo, Torgeir"]
[Black "Dybvik, Bjorn Noralf"]
[Result "1/2-1/2"]
[ECO "D51"]
[WhiteElo "1501"]
[BlackElo "1577"]
[Annotator "NA"]
[PlyCount "29"]
[EventDate "2019.07.06"]
[EventType "swiss"]
[EventCountry "NOR"]
[SourceTitle "playchess.com"]
[Source "ChessBase"]
[SourceQuality "1"]
[TimeControl "40/5400+30:1800+30"]

1. d4 Nf6 2. c4 e6 3. Nc3 d5 4. Bg5 c6 5. e3 Bb4 6. Qb3 Bxc3+ 7. bxc3 Nbd7 8. Nf3 O-O 9. cxd5 exd5 10. Bd3 Qa5 11. O-O Re8 12. c4 Ne4 13. cxd5 cxd5 14. Bf4 Ndf6 15. h3 1/2-1/2

[Event "NOR-ch Various 2019"]
[Site "Larvik"]
[Date "2019.07.07"]
[Round "2.10"]
[White "Selvik, Kjetil"]
[Black "Bo, Torgeir H"]
[Result "1-0"]
[ECO "A82"]
[WhiteElo "1493"]
[BlackElo "1567"]
[Annotator "NA"]
[PlyCount "47"]
[EventDate "2019.07.06"]
[EventType "swiss"]
[EventCountry "NOR"]
[SourceTitle "playchess.com"]
[Source "ChessBase"]
[SourceQuality "1"]
[TimeControl "40/5400+30:1800+30"]

1. d4 f5 2. e4 fxe4 3. Nc3 Nf6 4. f3 exf3 5. Nxf3 e6 6. Bd3 Bb4 7. O-O Nc6 8. Bg5 Bxc3 9. bxc3 O-O 10. Ne5 d6 11. Ng4 Bd7 12. Nxf6+ gxf6 13. Qh5 Qe7 14. Rxf6 Rxf6 15. Bxf6 Qf7 16. Qg5+ Kf8 17. Rf1 Ke8 18. Bg7 e5 19. Rxf7 Kxf7 20. Qf6+ Kg8 21. Qh6 exd4 22. Bxh7+ Kf7 23. Qf6+ Ke8 24. Bg6# 1-0

[Event "NOR-ch Various 2019"]
[Site "Larvik"]
[Date "2019.07.07"]
[Round "2.11"]
[White "Edoy, Rune"]
[Black "Skretteberg, Martin"]
[Result "0-1"]
[ECO "C50"]
[WhiteElo "1319"]
[BlackElo "1397"]
[Annotator "NA"]
[PlyCount "122"]
[EventDate "2019.07.06"]
[EventType "swiss"]
[EventCountry "NOR"]
[SourceTitle "playchess.com"]
[Source "ChessBase"]
[SourceQuality "1"]
[TimeControl "40/5400+30:1800+30"]

1. e4 e5 2. Nf3 Nc6 3. Bc4 d6 4. d3 Na5 5. Nbd2 Bg4 6. c3 c6 7. b4 Nxc4 8. Nxc4 Be7 9. O-O Nf6 10. h3 Bh5 11. Ne3 O-O 12. Nf5 Nd7 13. g4 Bg6 14. Nh2 Bxf5 15. exf5 d5 16. a4 Re8 17. Nf3 h6 18. Re1 Bf6 19. Nh2 Qc7 20. Bd2 Re7 21. Qc1 Rae8 22. Bxh6 gxh6 23. Qxh6 Bg7 24. Qh4 e4 25. d4 Qf4 26. Re3 Nb6 27. Rae1 Nc4 28. R3e2 e3 29. Rf1 Nd2 30. fxe3 Qh6 31. Qxh6 Bxh6 32. Rxd2 Bxe3+ 33. Rdf2 Bxf2+ 34. Rxf2 Re1+ 35. Kg2 R8e2 36. Nf3 Rxf2+ 37. Kxf2 Rc1 38. h4 Rxc3 39. g5 Rc4 40. h5 Rxb4 41. f6 Rb1 42. g6 Rh1 43. Ng5 Rxh5 44. gxf7+ Kf8 45. Ne6+ Kxf7 46. Nd8+ Kxf6 47. Nxb7 Rh3 48. Ke2 Kf5 49. Na5 Ke4 50. Nxc6 Rh2+ 51. Kd1 Kd3 52. Nb4+ Kxd4 53. Nc2+ Kc5 54. Kc1 Kc4 55. Ne3+ Kd4 56. Nc2+ Kc3 57. Kd1 Rh1+ 58. Ne1 Kb3 59. Kd2 Rxe1 60. Kxe1 Kxa4 61. Kd2 Kb4 0-1

[Event "NOR-ch Various 2019"]
[Site "Larvik"]
[Date "2019.07.07"]
[Round "2.12"]
[White "Skaansar, Lasse"]
[Black "Tobiassen, Richard"]
[Result "1/2-1/2"]
[ECO "A06"]
[WhiteElo "1394"]
[BlackElo "1321"]
[Annotator "NA"]
[PlyCount "98"]
[EventDate "2019.07.06"]
[EventType "swiss"]
[EventCountry "NOR"]
[SourceTitle "playchess.com"]
[Source "ChessBase"]
[SourceQuality "1"]
[TimeControl "40/5400+30:1800+30"]

1. Nf3 Nf6 2. b3 d5 3. Bb2 e6 4. d3 Be7 5. g3 c5 6. Bg2 O-O 7. Nbd2 Nbd7 8. O-O Qc7 9. Re1 e5 10. e4 d4 11. a4 Re8 12. Nc4 Bd6 13. Nxd6 Qxd6 14. Nd2 Nf8 15. Nc4 Qe7 16. Rf1 Ng6 17. f4 exf4 18. gxf4 Ng4 19. Qe1 Nh4 20. Bh1 Qf6 21. e5 Qh6 22. Qg3 Nf5 23. Qxg4 Ne3 24. Qg5 Qxg5+ 25. fxg5 Nxf1 26. Rxf1 Rb8 27. Be4 Bg4 28. Bxb7 Rxb7 29. Nd6 Rbe7 30. Nxe8 Rxe8 31. Re1 f6 32. gxf6 gxf6 33. e6 Rxe6 34. Rxe6 Bxe6 35. h3 Bxh3 36. Kf2 Kf7 37. Ba3 Ke6 38. Bxc5 Kd5 39. Bxa7 Bg4 40. Ke1 h5 41. b4 h4 42. Bb8 Kc6 43. Kd2 Bd7 44. a5 Kb5 45. c3 dxc3+ 46. Kxc3 Bc6 47. Bd6 f5 48. Kd4 f4 49. Bxf4 Kxb4 1/2-1/2

[Event "NOR-ch Various 2019"]
[Site "Larvik"]
[Date "2019.07.07"]
[Round "2.15"]
[White "Odde, Eilif"]
[Black "Fossan, Petter"]
[Result "0-1"]
[ECO "C01"]
[WhiteElo "1969"]
[BlackElo "2295"]
[Annotator "NA"]
[PlyCount "68"]
[EventDate "2019.07.06"]
[EventType "swiss"]
[EventCountry "NOR"]
[SourceTitle "playchess.com"]
[Source "ChessBase"]
[SourceQuality "1"]
[TimeControl "40/5400+30:1800+30"]

1. d4 e6 2. e4 d5 3. exd5 exd5 4. Bd3 Nc6 5. c3 Bd6 6. Nf3 Nge7 7. Bg5 f6 8. Bh4 Bg4 9. Bg3 Qd7 10. Nbd2 O-O-O 11. O-O h5 12. Qc2 g5 13. b4 Rdg8 14. Rfe1 h4 15. Bxd6 Qxd6 16. b5 Nd8 17. c4 dxc4 18. Ne4 Qf4 19. Bxc4 Rg7 20. Nfd2 Bf5 21. Rac1 Kb8 22. Re3 g4 23. g3 hxg3 24. Rxg3 Ng6 25. Bd3 Ne6 26. Qc4 Qh6 27. Nf1 Nh4 28. Ned2 Nf3+ 29. Nxf3 Bxd3 30. Qxd3 Qxc1 31. Qe4 gxf3 32. Qxe6 Rxg3+ 33. fxg3 Qb2 34. Ne3 Qxh2+ 0-1

[Event "NOR-ch Various 2019"]
[Site "Larvik"]
[Date "2019.07.07"]
[Round "2.17"]
[White "Heier, Odin Nikolai"]
[Black "Sjoberg, Isak"]
[Result "0-1"]
[ECO "E61"]
[WhiteElo "1863"]
[BlackElo "2182"]
[Annotator "NA"]
[PlyCount "110"]
[EventDate "2019.07.06"]
[EventType "swiss"]
[EventCountry "NOR"]
[SourceTitle "playchess.com"]
[Source "ChessBase"]
[SourceQuality "1"]
[TimeControl "40/5400+30:1800+30"]

1. d4 Nf6 2. Bf4 g6 3. Nf3 Bg7 4. e3 d6 5. Be2 O-O 6. c4 c5 7. Nc3 Nh5 8. Bg5 h6 9. Bh4 g5 10. Bg3 Nxg3 11. hxg3 cxd4 12. Nxd4 Nc6 13. Nb3 Bf5 14. Rc1 Rc8 15. Qd2 Ne5 16. Nb5 Be6 17. N5d4 Bxc4 18. Nf5 Qd7 19. Nxh6+ Bxh6 20. Rxh6 Bxe2 21. Qxe2 Kg7 22. Rh5 f6 23. Rd1 Rh8 24. Rxh8 Rxh8 25. f3 Qf5 26. Nd4 Rh1+ 27. Kd2 Rxd1+ 28. Kxd1 Qb1+ 29. Kd2 Qxb2+ 30. Ke1 Qb1+ 31. Qd1 Qxa2 32. Kf1 Qa3 33. Qd2 Qd3+ 34. Ke1 Qxd2+ 35. Kxd2 Kf7 36. Kc3 a6 37. f4 Ng4 38. Nc2 Nf2 39. Kb4 b6 40. Nd4 Ne4 41. Ne2 Kg6 42. Kc4 Kh5 43. Kd5 Nc5 44. Kc6 b5 45. Kd5 Kg4 46. e4 b4 47. Kd4 b3 48. e5 b2 49. Nc3 Kxg3 50. fxg5 fxg5 51. exd6 exd6 52. Kd5 Kxg2 53. Nb1 g4 54. Kxd6 g3 55. Kxc5 Kh1 0-1

[Event "NOR-ch Various 2019"]
[Site "Larvik"]
[Date "2019.07.07"]
[Round "2.18"]
[White "Melaa, Sondre"]
[Black "Nielsen, Andre"]
[Result "1-0"]
[ECO "E05"]
[WhiteElo "2118"]
[BlackElo "2229"]
[Annotator "NA"]
[PlyCount "85"]
[EventDate "2019.07.06"]
[EventType "swiss"]
[EventCountry "NOR"]
[SourceTitle "playchess.com"]
[Source "ChessBase"]
[SourceQuality "1"]
[TimeControl "40/5400+30:1800+30"]

1. d4 Nf6 2. c4 e6 3. g3 d5 4. Nf3 Be7 5. Bg2 O-O 6. O-O dxc4 7. Qc2 a6 8. a4 Bd7 9. Qxc4 Bc6 10. Bf4 Nbd7 11. Nc3 Nb6 12. Qd3 Nbd5 13. Bg5 Nxc3 14. bxc3 Be4 15. Qe3 Bd5 16. Rab1 c5 17. Bxf6 Bxf6 18. dxc5 Qa5 19. Nd2 Bxg2 20. Kxg2 Qxa4 21. Ne4 Qc6 22. Qf3 Kh8 23. Rb6 Qd5 24. e3 Bd8 25. Rd6 Qf5 26. Rd7 Qxf3+ 27. Kxf3 a5 28. Rb1 a4 29. Ke2 f5 30. Nd6 Bf6 31. Kd3 a3 32. Rdxb7 a2 33. Ra1 Ra5 34. Kc4 Ra4+ 35. Rb4 Ra3 36. Nb5 Ra5 37. Rb2 Rfa8 38. Nc7 Ra4+ 39. Rb4 Rxb4+ 40. Kxb4 Rb8+ 41. Kc4 Rb2 42. Nxe6 Rc2 43. Nd4 1-0

[Event "NOR-ch Various 2019"]
[Site "Larvik"]
[Date "2019.07.07"]
[Round "2.19"]
[White "Kizatbay, Abyl"]
[Black "Kjaras, Alf Marius"]
[Result "1-0"]
[ECO "B52"]
[WhiteElo "2216"]
[BlackElo "1860"]
[Annotator "NA"]
[PlyCount "35"]
[EventDate "2019.07.06"]
[EventType "swiss"]
[EventCountry "NOR"]
[SourceTitle "playchess.com"]
[Source "ChessBase"]
[SourceQuality "1"]
[TimeControl "40/5400+30:1800+30"]

1. e4 c5 2. Nf3 d6 3. Bb5+ Bd7 4. Bxd7+ Nxd7 5. O-O e6 6. d4 Ngf6 7. Nc3 cxd4 8. Nxd4 Nc5 9. Qe2 Be7 10. Rd1 Qb6 11. Be3 a6 12. Nb3 Qc7 13. Nxc5 dxc5 14. Bg5 Bd6 15. Rxd6 Qxd6 16. e5 Qe7 17. Ne4 h6 18. exf6 1-0

[Event "NOR-ch Various 2019"]
[Site "Larvik"]
[Date "2019.07.07"]
[Round "2.20"]
[White "Sebastian, Andreas"]
[Black "Bruaset, Eivind"]
[Result "1-0"]
[ECO "B08"]
[WhiteElo "1911"]
[BlackElo "2074"]
[Annotator "NA"]
[PlyCount "71"]
[EventDate "2019.07.06"]
[EventType "swiss"]
[EventCountry "NOR"]
[SourceTitle "playchess.com"]
[Source "ChessBase"]
[SourceQuality "1"]
[TimeControl "40/5400+30:1800+30"]

1. d4 Nf6 2. Nf3 g6 3. Bf4 Bg7 4. Nc3 O-O 5. e4 d6 6. Qd2 Nbd7 7. h4 c5 8. d5 Qa5 9. Bh6 Bxh6 10. Qxh6 Qb4 11. O-O-O Ne5 12. Nxe5 dxe5 13. a3 Qb6 14. Be2 Bd7 15. h5 Kh8 16. d6 Ng8 17. Qg5 h6 18. hxg6 Kg7 19. Qxe5+ f6 20. Qh2 e6 21. f4 Qd8 22. g4 Qe8 23. g5 fxg5 24. fxg5 Qxg6 25. Qe5+ Kh7 26. Rdg1 Rf7 27. Kb1 Raf8 28. Bd3 Rf3 29. Qxc5 R8f7 30. gxh6 b6 31. Qb4 Rh3 32. e5 Rf5 33. Rxg6 Rxh1+ 34. Ka2 Kxg6 35. Qg4+ Kxh6 36. Qxg8 1-0

[Event "NOR-ch Various 2019"]
[Site "Larvik"]
[Date "2019.07.07"]
[Round "2.21"]
[White "Opseth, Oliver"]
[Black "Nordquelle, Daniel"]
[Result "0-1"]
[ECO "B08"]
[WhiteElo "1714"]
[BlackElo "2181"]
[Annotator "NA"]
[PlyCount "90"]
[EventDate "2019.07.06"]
[EventType "swiss"]
[EventCountry "NOR"]
[SourceTitle "playchess.com"]
[Source "ChessBase"]
[SourceQuality "1"]
[TimeControl "40/5400+30:1800+30"]

1. d4 Nf6 2. Nf3 g6 3. Bf4 Bg7 4. Nc3 d6 5. e4 Nbd7 6. Qd2 O-O 7. h4 Re8 8. Bc4 Nb6 9. Bb3 c6 10. h5 d5 11. hxg6 fxg6 12. e5 Nh5 13. Bh6 Bg4 14. Bxg7 Kxg7 15. Rh4 Bxf3 16. gxf3 e6 17. Rxh5 gxh5 18. O-O-O Nd7 19. Ne2 Kh8 20. Rh1 h4 21. Qh6 Re7 22. Nf4 Qg8 23. c3 Qg7 24. Qxh4 Rg8 25. Bc2 Nf8 26. Kb1 Rf7 27. Nh5 Qg5 28. Qh3 Qg2 29. Qh4 Qg5 30. Qh3 Qg2 31. Qh4 Ng6 32. Qh3 Qxh3 33. Rxh3 Nf4 34. Nxf4 Rg1+ 35. Bd1 Rxf4 36. Kc2 Kg7 37. Kd2 Rf7 38. Bc2 h6 39. Ke2 b6 40. Rh4 c5 41. dxc5 bxc5 42. Ra4 h5 43. Ra6 h4 44. Rxe6 h3 45. c4 h2 0-1

[Event "NOR-ch Various 2019"]
[Site "Larvik"]
[Date "2019.07.07"]
[Round "2.22"]
[White "Larre, Linnea"]
[Black "Tunsjo, Axel"]
[Result "0-1"]
[ECO "A25"]
[WhiteElo "1648"]
[BlackElo "2039"]
[Annotator "NA"]
[PlyCount "90"]
[EventDate "2019.07.06"]
[EventType "swiss"]
[EventCountry "NOR"]
[SourceTitle "playchess.com"]
[Source "ChessBase"]
[SourceQuality "1"]
[TimeControl "40/5400+30:1800+30"]

1. c4 e5 2. g3 Nc6 3. Bg2 g6 4. Nc3 Bg7 5. e3 d6 6. Nge2 Nge7 7. d4 exd4 8. Nxd4 O-O 9. O-O Re8 10. Re1 Bd7 11. Nce2 Qc8 12. Bd2 Ne5 13. Rc1 Nd3 14. Qc2 Nxe1 15. Rxe1 c5 16. Nf3 Rb8 17. Rd1 b5 18. Bc3 Bxc3 19. Nxc3 Bc6 20. cxb5 Bxf3 21. Bxf3 Rd8 22. Ne4 Qf5 23. Qc3 Qxf3 24. Nf6+ Kh8 25. Rd2 Qf5 26. f4 Ng8 27. Nd7+ f6 28. Nxb8 Rxb8 29. Rxd6 Rxb5 30. Qc1 Qe4 31. Kf2 a5 32. Rd8 Qb4 33. b3 a4 34. Qb2 Rb6 35. Qc2 axb3 36. axb3 Rc6 37. Qd3 Re6 38. Kf3 Qe1 39. Rc8 Qh1+ 40. Ke2 Qxh2+ 41. Kd1 Qg1+ 42. Ke2 Qg2+ 43. Kd1 Qf3+ 44. Kd2 Qf2+ 45. Qe2 Rd6+ 0-1

[Event "NOR-ch Various 2019"]
[Site "Larvik"]
[Date "2019.07.07"]
[Round "2.23"]
[White "Ihlen, Sivert"]
[Black "Kreken, Eivind Grunt"]
[Result "1-0"]
[ECO "B46"]
[WhiteElo "1580"]
[BlackElo "1842"]
[Annotator "NA"]
[PlyCount "181"]
[EventDate "2019.07.06"]
[EventType "swiss"]
[EventCountry "NOR"]
[SourceTitle "playchess.com"]
[Source "ChessBase"]
[SourceQuality "1"]
[TimeControl "40/5400+30:1800+30"]

1. e4 c5 2. Nf3 e6 3. d4 cxd4 4. Nxd4 Nc6 5. Nc3 a6 6. Nxc6 bxc6 7. e5 Qa5 8. f4 d6 9. exd6 Qb4 10. Be2 Bxd6 11. a3 Qb8 12. O-O Nf6 13. Bf3 O-O 14. Ne4 Nxe4 15. Bxe4 Rd8 16. Qh5 g6 17. Qa5 Bc7 18. Qb4 Bb6+ 19. Kh1 c5 20. Qb3 Bb7 21. Bxb7 Qxb7 22. Be3 Qc6 23. Rad1 f6 24. Qc4 Rd5 25. b4 Rad8 26. Rxd5 exd5 27. Qxa6 Ra8 28. Qd3 d4 29. Bc1 c4 30. Qf3 Qxf3 31. gxf3 Re8 32. Kg2 d3 33. cxd3 Re2+ 34. Kg3 cxd3 35. Rd1 Rc2 36. f5 g5 37. f4 Rc3 38. Bb2 Rb3 39. Bxf6 d2+ 40. Kg2 gxf4 41. Rxd2 f3+ 42. Kg3 f2+ 43. Kg2 Rb1 44. Rxf2 Bxf2 45. Kxf2 Rb3 46. Bd8 Rxa3 47. b5 Rb3 48. b6 Kf7 49. Ke2 Ke8 50. Bc7 Ke7 51. Kd2 Kf6 52. Kc2 Rb5 53. Kc3 Kxf5 54. Kc4 Rb1 55. Kd5 h5 56. Kc6 Rc1+ 57. Kb5 Rb1+ 58. Kc6 Rc1+ 59. Kd7 Rb1 60. Kc8 h4 61. b7 h3 62. b8=Q Rxb8+ 63. Bxb8 Kg4 64. Bg3 Kh5 65. Kd7 Kg4 66. Ke6 Kg5 67. Kf7 Kf5 68. Kg7 Kg5 69. Bc7 Kh5 70. Kf6 Kg4 71. Kg6 Kh4 72. Kf5 Kh5 73. Bd8 Kh6 74. Kg4 Kg6 75. Kxh3 Kh6 76. Kg4 Kg6 77. h4 Kh6 78. h5 Kh7 79. Kg5 Kg7 80. Bf6+ Kh7 81. h6 Kg8 82. Kg6 Kf8 83. h7 Ke8 84. h8=Q+ Kd7 85. Qd8+ Kc6 86. Qd4 Kb7 87. Qc5 Ka8 88. Qe7 Kb8 89. Bd4 Kc8 90. Bb6 Kb8 91. Qc7+ 1-0

[Event "NOR-ch Various 2019"]
[Site "Larvik"]
[Date "2019.07.07"]
[Round "2.24"]
[White "Strand, Vetle Bjorge"]
[Black "Myagmarsuren, Evsuld"]
[Result "0-1"]
[ECO "D52"]
[WhiteElo "1765"]
[BlackElo "1289"]
[Annotator "NA"]
[PlyCount "120"]
[EventDate "2019.07.06"]
[EventType "swiss"]
[EventCountry "NOR"]
[SourceTitle "playchess.com"]
[Source "ChessBase"]
[SourceQuality "1"]
[TimeControl "40/5400+30:1800+30"]

1. d4 d5 2. c4 c6 3. Nc3 Nf6 4. Bg5 e6 5. e3 Nbd7 6. Nf3 Qa5 7. a3 Ne4 8. Qc1 dxc4 9. Bf4 Nb6 10. Bc7 Kd7 11. Bxb6 axb6 12. Ne5+ Kc7 13. Nxc4 Qf5 14. Nxe4 Qxe4 15. Ne5 f6 16. Nd3 Bd6 17. Qc3 f5 18. Kd2 f4 19. Re1 Ra4 20. b4 Bd7 21. Nb2 Ra7 22. Nc4 Rha8 23. Ra1 Ra4 24. Nxd6 Kxd6 25. Rg1 Rc8 26. Bd3 fxe3+ 27. fxe3 Qh4 28. h3 c5 29. dxc5+ bxc5 30. bxc5+ Rxc5 31. Qb3 Qf2+ 32. Be2 Rd5+ 33. Kc3 Qxe3+ 34. Kb2 Qxe2+ 35. Qc2 Rb5+ 36. Kc1 Rc4 37. Rd1+ Ke7 38. Ra2 Rbc5 39. Rd2 Rxc2+ 40. Raxc2 Rxc2+ 41. Rxc2 Qe1+ 42. Kb2 Ba4 43. Rc7+ Kd6 44. Rxb7 Qd2+ 45. Ka1 Qc1+ 46. Ka2 Kc6 47. Rb8 Qc2+ 48. Ka1 Bb3 49. Rc8+ Kb5 50. Rxc2 Bxc2 51. Kb2 Be4 52. g3 g5 53. Kc3 h5 54. Kd4 Bf5 55. Ke5 Bxh3 56. Kf6 h4 57. gxh4 g4 58. h5 g3 59. h6 g2 60. h7 g1=Q 0-1

[Event "NOR-ch Various 2019"]
[Site "Larvik"]
[Date "2019.07.07"]
[Round "2.25"]
[White "Aasen, Alexander"]
[Black "Olsen, William Alexander"]
[Result "0-1"]
[ECO "E16"]
[WhiteElo "1287"]
[BlackElo "1764"]
[Annotator "NA"]
[PlyCount "90"]
[EventDate "2019.07.06"]
[EventType "swiss"]
[EventCountry "NOR"]
[SourceTitle "playchess.com"]
[Source "ChessBase"]
[SourceQuality "1"]
[TimeControl "40/5400+30:1800+30"]

1. d4 Nf6 2. Nf3 e6 3. c4 b6 4. g3 Bb7 5. Bg2 Bb4+ 6. Bd2 Bxd2+ 7. Nbxd2 O-O 8. O-O d6 9. e3 Nbd7 10. Rc1 Qe7 11. Qc2 e5 12. d5 Rac8 13. h3 c6 14. dxc6 Bxc6 15. Qd1 Rfd8 16. Qe2 Nc5 17. b4 Nce4 18. Nxe4 Bxe4 19. Nd2 Bxg2 20. Kxg2 d5 21. a3 Qb7 22. Kh2 Qa6 23. b5 Qxa3 24. Ra1 Qe7 25. Ra2 dxc4 26. Nxc4 Qe6 27. Rc2 Rc5 28. Nb2 Rxc2 29. Qxc2 Rc8 30. Qe2 Ne4 31. Qd3 Nc5 32. Qd2 Qb3 33. Rd1 h6 34. Qe2 Ne4 35. Qg4 Re8 36. Qxe4 Qxb2 37. Kg2 Qxb5 38. Rd5 Qc6 39. f3 Qe6 40. Qd3 e4 41. Qd1 exf3+ 42. Qxf3 Qxe3 43. Qf1 Qe4+ 44. Qf3 Qxf3+ 45. Kxf3 Re7 0-1

[Event "NOR-ch Various 2019"]
[Site "Larvik"]
[Date "2019.07.07"]
[Round "2.26"]
[White "Unneland, Mathias"]
[Black "Sekkingstad, Thomas"]
[Result "0-1"]
[ECO "D19"]
[WhiteElo "2008"]
[BlackElo "1718"]
[Annotator "NA"]
[PlyCount "62"]
[EventDate "2019.07.06"]
[EventType "swiss"]
[EventCountry "NOR"]
[SourceTitle "playchess.com"]
[Source "ChessBase"]
[SourceQuality "1"]
[TimeControl "40/5400+30:1800+30"]

1. d4 d5 2. c4 c6 3. Nf3 Nf6 4. Nc3 dxc4 5. a4 Bf5 6. e3 e6 7. Bxc4 Nbd7 8. Qe2 Bb4 9. O-O O-O 10. e4 Bg6 11. Bd3 Qc7 12. Bg5 e5 13. Bxf6 gxf6 14. dxe5 fxe5 15. Bc2 a5 16. Nd1 Nf6 17. Ne3 Nxe4 18. Ng4 Nd2 19. Nxd2 Bxc2 20. Nf6+ Kg7 21. Nh5+ Kh8 22. f4 Bxd2 23. Qxd2 Bg6 24. Nf6 Kg7 25. fxe5 Qxe5 26. Ng4 Qc5+ 27. Kh1 f5 28. Rac1 fxg4 29. Qd7+ Kh8 30. Rfd1 Qf2 31. Qxg4 Rae8 0-1

[Event "NOR-ch Various 2019"]
[Site "Larvik"]
[Date "2019.07.07"]
[Round "2.27"]
[White "Grave, Jacob Templen"]
[Black "Fuglestein, Sander"]
[Result "1/2-1/2"]
[ECO "D35"]
[WhiteElo "1800"]
[BlackElo "1997"]
[Annotator "NA"]
[PlyCount "33"]
[EventDate "2019.07.06"]
[EventType "swiss"]
[EventCountry "NOR"]
[SourceTitle "playchess.com"]
[Source "ChessBase"]
[SourceQuality "1"]
[TimeControl "40/5400+30:1800+30"]

1. d4 Nf6 2. c4 e6 3. Nf3 d5 4. Nc3 Be7 5. cxd5 exd5 6. Bg5 O-O 7. e3 Nbd7 8. Bd3 Re8 9. O-O Nf8 10. Qc2 g6 11. Ne5 Ne6 12. Bh4 Ng7 13. Qb3 c6 14. f3 Nd7 15. Bg3 Nxe5 16. Bxe5 Bf6 17. f4 1/2-1/2

[Event "NOR-ch Various 2019"]
[Site "Larvik"]
[Date "2019.07.07"]
[Round "2.28"]
[White "Andersen, Lars Even"]
[Black "Fossan, Aleksander"]
[Result "1-0"]
[ECO "A37"]
[WhiteElo "2314"]
[BlackElo "2155"]
[Annotator "NA"]
[PlyCount "43"]
[EventDate "2019.07.06"]
[EventType "swiss"]
[EventCountry "NOR"]
[SourceTitle "playchess.com"]
[Source "ChessBase"]
[SourceQuality "1"]
[TimeControl "40/5400+30:1800+30"]

1. Nf3 c5 2. g3 g6 3. Bg2 Bg7 4. c4 Nc6 5. O-O d6 6. Nc3 e5 7. Ne1 Be6 8. Nd5 Nge7 9. Nc2 Bxd5 10. cxd5 Nd4 11. b4 cxb4 12. Nxd4 exd4 13. Qa4+ Qd7 14. Qxb4 d3 15. Bb2 dxe2 16. Bxg7 exf1=Q+ 17. Bxf1 O-O-O 18. Bxh8 Kb8 19. Bd4 h5 20. Rc1 h4 21. Bb5 Qf5 22. Bxa7+ 1-0